 Dungeon Crawl Stone Soup version 0.30.0-29-ga12c61a403 (webtiles) character file.

Game seed: 10532671945502551537

1627 Fodor the Chopper (level 8, -3/71 HPs)
             Began as a Minotaur Fighter on June 23, 2023.
             Was an Initiate of Gozag.
             Slain by a manticore (6 damage)
             ... on level 6 of the Dungeon on June 24, 2023.
             The game lasted 00:30:02 (5419 turns).

Fodor the Chopper (Minotaur Fighter)                Turns: 5419, Time: 00:30:03

Health: -3/71      AC:  9    Str: 22    XL:     8   Next: 65%
Magic:  0/7        EV: 10    Int:  5    God:    Gozag
Gold:   532        SH:  5    Dex: 11    Spells: 7/7 levels left

rFire   . . .        q - +0 war axe (elec)
rCold   . . .        c - +0 buckler
rNeg    . . .        b - +0 scale mail
rPois   .            (helmet restricted)
rElec   .            (no cloak)
rCorr   .            j - +0 pair of gloves
SInv    .            (no boots)
Will    .....        o - amulet of guardian spirit Stlth
                     (no ring)
HPRegen 0.31/turn    (no ring)
MPRegen 0.10/turn

%: guardian spirit
@: spiked
A: horns 2, retaliatory headbutt
a: Renounce Religion, Potion Petition, Call Merchant, Bribe Branch


You were on level 6 of the Dungeon.
You worshipped Gozag.
Gozag was pleased with you.
You visited 1 branch of the dungeon, and saw 8 of its levels.
You also visited: Ossuary.

You collected 594 gold pieces.
You paid 62 gold pieces to Gozag.

Inventory:

Hand Weapons
 a - a +0 long sword
 q - a +0 war axe of electrocution (weapon)
Armour
 b - a +0 scale mail (worn)
 c - a +0 buckler (worn)
 j - a +0 pair of gloves (worn)
Jewellery
 k - a ring of protection from cold
 o - an amulet of guardian spirit (around neck)
Wands
 m - a wand of flame (7)
 C - a wand of iceblast (8)
Scrolls
 f - a scroll of vulnerability {unknown}
 h - 2 scrolls of amnesia
 i - 2 scrolls of poison
 l - 3 scrolls of fear
 p - a scroll of blinking {unknown}
 r - a scroll of enchant armour {unknown}
 s - a scroll of immolation {unknown}
 t - 2 scrolls of acquirement
 u - 5 scrolls of teleportation
 A - a scroll of brand weapon {unknown}
 D - 2 scrolls of enchant weapon {unknown}
Potions
 d - a potion of might
 e - 3 potions of mutation {unknown}
 g - 2 potions of ambrosia {unknown}
 n - 6 potions of curing
 v - 4 potions of attraction {unknown}
 w - 3 potions of heal wounds {unknown}
 x - 2 potions of haste {unknown}
 z - 2 potions of lignification {unknown}
Miscellaneous
 y - a piece from Xom's chessboard (15/15)


   Skills:
 + Level 6.3 Fighting
 + Level 4.7 Long Blades
 + Level 7.3 Axes
 + Level 7.3 Armour
 + Level 2.9 Dodging
 + Level 0.9 Stealth
 + Level 5.5 Shields


You had 7 spell levels left.
You didn't know any spells.
Your spell library contained the following spells:

 Spells                   Type           Power      Damage    Failure   Level
 Magic Dart               Conj           0%         1d3       83%         1
 Call Imp                 Summ           0%         N/A       92%         2
 Mephitic Cloud           Conj/Pois/Air  0%         N/A       99%         3


Dungeon Overview and Level Annotations

Branches:
Dungeon (8/15)               Lair (0/5) D:8         Ossuary (visited)
 Temple: D:4-7

Altars:
Ashenzari
Dithmenos
Gozag
Qazlal
Uskayaw
Xom


Innate Abilities, Weirdness & Mutations

You have a pair of horns on your head.
You reflexively headbutt those who attack you in melee.


Message History

The barbs in your skin will harm you if you move.
Continue? 2 wights come into view.
The barbed spikes dig painfully into your body as you move.
The manticore flicks its tail.
The volley of spikes hits you!
The barbed spikes become lodged in your body.
The wight moves out of view.
There is an open door, spattered with blood here.
The barbed spikes dig painfully into your body as you move.
The barbed spikes dig painfully into your body as you move.
A wight comes into view. It is wielding a +0 morningstar.
The wight barely misses you.
There is an open door, spattered with blood here.
You hit the manticore but do no damage. The manticore barely misses you.
You furiously retaliate!
You headbutt the manticore, but do no damage.
The manticore claws you but does no damage.
The manticore claws you. You block the wight's attack.
You hit the manticore.
The manticore is lightly wounded.
The manticore bites you!
* * * LOW HITPOINT WARNING * * *
The manticore barely misses you. You block the manticore's attack.
The wight barely misses you.
You completely miss the manticore. You headbutt the manticore.
The manticore is lightly wounded.
The manticore misses you. The manticore claws you.
* * * LOW HITPOINT WARNING * * *
The manticore closely misses you. The wight barely misses you.
You hit the manticore.
The manticore is moderately wounded.
The wight barely misses you. The manticore bites you!
* * * LOW HITPOINT WARNING * * *
The manticore barely misses you.
The manticore claws you but does no damage.
You barely miss the manticore.
The manticore is moderately wounded.
The manticore bites you.
You die...
Your body crumbles into a pile of gold.

.....# .....#
######....# ##.(.##....#
#..........#
#..........# .####
#.........#.....
.....l##.........#.....
....zzH@.........#....#
....zz##...##....#....##
..... ######....#..>..#
.... #....##....# #..
#'#####....# #.
#.........)# #
#.......)..#
#.......)..#
#....##...##


You could see a manticore, an iguana and 4 wights.

Vanquished Creatures
  A troll (D:5)
  A black bear (D:8)
  An ice beast (D:5)
  An ogre (D:4)
  2 bullfrogs
  5 scorpions
  2 centaur zombies (Ossuary)
  A human zombie (Ossuary)
  A jelly (D:4)
  A hound (D:5)
  A gnoll bouda (D:5)
  2 iguanas
  A sleepcap (D:6)
  Natasha (thrice) (D:2)
  3 mummies
  15 gnolls
  8 adders
  A shadow imp (D:5)
  An adder zombie (Ossuary)
  4 worms
  5 dart slugs
  6 orcs
  2 endoplasms (D:2)
  5 giant cockroaches
  5 goblins
  6 hobgoblins
  4 kobolds
  4 quokkas
  12 ball pythons
  7 bats
  4 frilled lizards
  2 goblin zombies (Ossuary)
  11 hobgoblin zombies (Ossuary)
  A jackal zombie (Ossuary)
  14 kobold zombies (Ossuary)
  5 orc zombies (Ossuary)
  5 rats
153 creatures vanquished.

Notes
Turn   | Place    | Note
-------+----------+-------------------------------------------
     0 | D:1      | Fodor the Minotaur Fighter began the quest for the Orb.
     0 | D:1      | Reached XP level 1. HP: 19/19 MP: 0/0
   163 | D:1      | Reached XP level 2. HP: 27/27 MP: 1/1
   749 | D:1      | Reached XP level 3. HP: 33/33 MP: 2/2
  1090 | D:2      | Reached XP level 4. HP: 36/40 MP: 3/3
  1125 | D:2      | Noticed Natasha
  1132 | D:2      | Killed Natasha
  1141 | D:2      | Noticed Natasha
  1153 | D:2      | Killed Natasha
  1451 | D:2      | Noticed Natasha
  1459 | D:2      | Killed Natasha
  1460 | D:2      | Reached XP level 5. HP: 44/46 MP: 4/4
  2540 | D:3      | Identified the +2 spear of Winaitaj {flame, Int+3}
  2544 | D:3      | Reached skill level 1 in Dodging
  2556 | D:3      | Reached skill level 1 in Axes
  2556 | D:3      | Reached skill level 5 in Armour
  2681 | D:4      | Reached XP level 6. HP: 44/53 MP: 3/5
  2795 | D:4      | Found a sand-covered staircase.
  2817 | Ossuary  | Entered an ossuary
  2988 | Ossuary  | Reached XP level 7. HP: 60/60 MP: 6/6
  3076 | Ossuary  | Identified 2 scrolls of acquirement
  3162 | D:4      | Found a hide-covered altar of Uskayaw.
  3194 | D:4      | Reached skill level 5 in Fighting
  3332 | D:4      | Found an opulent altar of Gozag.
  3337 | D:4      | Became a worshipper of Gozag Ym Sagoz the Greedy
  3406 | D:4      | Found a shadowy altar of Dithmenos.
  3667 | D:5      | Entered Level 5 of the Dungeon
  3669 | D:5      | Noticed a troll
  3676 | D:5      | Killed a troll
  3677 | D:5      | Reached skill level 5 in Axes
  4472 | D:5      | Found a shimmering altar of Xom.
  4501 | D:5      | Reached skill level 5 in Shields
  4501 | D:5      | Reached XP level 8. HP: 55/69 MP: 7/7
  5012 | D:6      | You fall into a shaft and drop 2 floors!
  5012 | D:8      | Saw a vision of the Swamp and the Spider Nest.
  5012 | D:8      | Noticed a tyrant leech
  5012 | D:8      | Noticed a will-o-the-wisp
  5012 | D:8      | Noticed a jorogumo
  5012 | D:8      | Noticed a tyrant leech
  5012 | D:8      | Noticed a jumping spider
  5012 | D:8      | Noticed a jumping spider
  5012 | D:8      | Noticed a tyrant leech
  5012 | D:8      | Noticed a bunyip
  5012 | D:8      | Noticed a steelbarb worm
  5012 | D:8      | Noticed a wolf spider
  5012 | D:8      | Noticed a goliath frog
  5012 | D:8      | Noticed a swamp dragon
  5012 | D:8      | Noticed a steelbarb worm
  5012 | D:8      | Noticed a tarantella
  5012 | D:8      | Noticed a steelbarb worm
  5012 | D:8      | Noticed a four-headed hydra
  5012 | D:8      | Noticed a goliath frog
  5012 | D:8      | Found a broken altar of Ashenzari.
  5014 | D:8      | Noticed a jumping spider
  5219 | D:7      | Found a stormy altar of Qazlal.
  5411 | D:6      | Noticed a manticore
  5418 | D:6      | HP: 2/71 [manticore (6)]
  5419 | D:6      | Slain by a manticore

Illustrated notes

Levels and vault maps discovered:
D:1:      spicycebolla_green_bress_n_ham_2, layout_basic
D:2:      layout_loops_ring, minmay_misc_feat_cross, chequers_decorated_corner,
          grunt_ministairs_8, uniq_natasha
D:3:      layout_basic
D:4:      layout_cave_pools, nicolae_overflow_crystal_walls, marbit_many_paths,
          mainiacjoe_overflow_alcove_1, gup_ossuary_entry_pyramid
D:5:      layout_basic, xom_butterflies, kennysheep_path_1, nicolae_titane
D:6:      layout_gridville, minmay_temple_entry_purple_smoke,
          portal_sewer_entry_b, uniq_crazy_yiuf_cottage
D:7:      layout_loops_ring, nicolae_qazlal_eye_of_the_storm,
          gammafunk_ghost_wrathful_warriors, nicolae_nh_oracle_at_delphi
D:8:      layout_loops_ring, grunt_ashenzari_visionary
          [grunt_ashenzari_visionary_swamp, grunt_ashenzari_visionary_spider],
          mainiacjoe_overflow_swirl, erik_lair_island

Skill      XL: |  1  2  3  4  5  6  7  8 |
---------------+-------------------------+-----
Armour         | 4 5 6 7 |  7.3
Shields        | 4 5 |  5.5
Long Blades    | 3 4 |  4.7
Fighting       | 4 5 6 |  6.3
Dodging        | 1 2 |  2.9
Axes           | 1 4 6 7 |  7.3
Stealth        | |  0.9

Action                     |  1- 3 |  4- 6 |  7- 9 || total
---------------------------+-------+-------+-------++-------
  Melee: Long sword        |    89 |    42 |       ||   131
         Headbutt          |    12 |    19 |    20 ||    51
         War axe           |       |   117 |   101 ||   218
    Use: Scroll            |       |     4 |     5 ||     9
 Armour: Scale mail        |    38 |    69 |    44 ||   151
  Dodge: Dodged            |    55 |    68 |    84 ||   207
  Block: Buckler           |    20 |    39 |    38 ||    97
